[Event "ESP-chT Div I 2018"]
[Site "Linares"]
[Date "2018.08.06"]
[Round "1"]
[White "Dvirnyy, Danyyil"]
[Black "Alsina Leal, Daniel"]
[Result "0-1"]
[ECO "A34"]
[WhiteElo "2496"]
[BlackElo "2480"]
[Annotator "ChessBase"]
[PlyCount "133"]
[EventDate "2018.08.06"]
[EventType "team-tourn"]
[EventCountry "ESP"]
[SourceTitle "playchess.com"]
[Source "ChessBase"]
[SourceQuality "1"]
[TimeControl "40/5400+30:1800+30"]

1. Nf3 c5 2. c4 Nf6 3. Nc3 d5 4. cxd5 Nxd5 5. g3 Nc6 6. Bg2 Nc7 7. O-O e5 8. a3 Be7 9. b4 O-O 10. b5 Nd4 11. e3 Nxf3+ 12. Qxf3 Rb8 13. Rd1 Be6 14. d4 Qc8 15. Qe4 exd4 16. exd4 cxd4 17. Ne2 Nxb5 18. Bf4 Bd6 19. Bxd6 Nxd6 20. Qxd4 Nb5 21. Qb2 Qe8 22. Nf4 Nc7 23. Qb4 b6 24. Qd6 Na6 25. Nxe6 fxe6 26. Re1 Nc5 27. Bh3 Rd8 28. Qe5 Kh8 29. Qe3 Rd3 30. Qe2 Rdf3 31. Rf1 Qa4 32. Bxe6 Rxa3 33. Rxa3 Qxa3 34. Bc4 Qa4 35. Re1 Qd7 36. Rd1 Qe8 37. Qb2 Qe7 38. Qd4 Qf6 39. Qe3 h6 40. h4 Qf5 41. Rd6 Kh7 42. Bd5 Qg4 43. Kg2 Qf5 44. Kg1 a5 45. Qd4 Qb1+ 46. Kg2 a4 47. Rc6 a3 48. Rc7 Qg6 49. Ra7 Kh8 50. h5 Qf6 51. Qxf6 gxf6 52. Rxa3 Rd8 53. Bf7 Kg7 54. Bg6 b5 55. Rc3 Rd5 56. Ra3 Rd7 57. Bf5 Rb7 58. Rc3 Na4 59. Rd3 b4 60. Rd4 Nc3 61. Rg4+ Kf7 62. Bd3 Ke6 63. Bc4+ Ke5 64. Bb3 Ne4 65. Rg6 Nd2 66. Bd1 b3 67. f4+ 0-1

[Event "ESP-chT Div I 2018"]
[Site "Linares"]
[Date "2018.08.06"]
[Round "1"]
[White "Gascon del Nogal, Jose Rafael"]
[Black "Quesada Perez, Yasser"]
[Result "1-0"]
[ECO "B40"]
[WhiteElo "2476"]
[BlackElo "2534"]
[Annotator "ChessBase"]
[PlyCount "103"]
[EventDate "2018.08.06"]
[EventType "team-tourn"]
[EventCountry "ESP"]
[SourceTitle "playchess.com"]
[Source "ChessBase"]
[SourceQuality "1"]
[TimeControl "40/5400+30:1800+30"]

1. e4 c5 2. Nf3 e6 3. d3 d5 4. Qe2 Nf6 5. g3 Be7 6. Bg2 O-O 7. O-O b5 8. Bg5 Nc6 9. e5 Nd7 10. h4 a5 11. Re1 b4 12. c4 bxc3 13. bxc3 Ba6 14. a4 Rb8 15. Na3 h6 16. Bxe7 Qxe7 17. c4 Nb4 18. Nb5 Nb6 19. g4 Bb7 20. Nd6 dxc4 21. dxc4 Bxf3 22. Bxf3 Qxh4 23. Nb7 h5 24. Ra3 hxg4 25. Bg2 g6 26. Rg3 Nxa4 27. Rxg4 Qh5 28. Bf3 Nc3 29. Qd2 Nba2 30. Rg3 Qh8 31. Kg2 a4 32. Qf4 Qg7 33. Qf6 Nb4 34. Nxc5 Rbc8 35. Rh1 Rxc5 36. Rgh3 Qxf6 37. exf6 Rg5+ 38. Kf1 Rh5 39. Bxh5 Ne4 40. Bxg6 Nxf6 41. Bc2 Rc8 42. Rg3+ Kf8 43. Rh8+ Ke7 44. Rxc8 Nxc2 45. Rc3 Nd4 46. Ra3 Ne4 47. Rxa4 f5 48. c5 Kd7 49. Rxd4+ Kxc8 50. Rxe4 fxe4 51. Ke2 Kd7 52. Ke3 1-0

[Event "ESP-chT Div I 2018"]
[Site "Linares"]
[Date "2018.08.06"]
[Round "1"]
[White "Rubio Mejia, Luis Ignacio"]
[Black "Rodriguez Fontecha, Marcos"]
[Result "1-0"]
[ECO "D07"]
[WhiteElo "2442"]
[BlackElo "2329"]
[Annotator "NA"]
[PlyCount "63"]
[EventDate "2018.08.06"]
[EventType "team-tourn"]
[EventCountry "ESP"]
[SourceTitle "playchess.com"]
[Source "ChessBase"]
[SourceQuality "1"]
[TimeControl "40/5400+30:1800+30"]

1. d4 d5 2. c4 Nc6 3. Nf3 e5 4. Nxe5 Nxe5 5. dxe5 d4 6. g3 c6 7. Bg2 Qa5+ 8. Nd2 Bg4 9. O-O O-O-O 10. Nf3 Ne7 11. Ng5 d3 12. Bf3 Bxf3 13. exf3 d2 14. Nxf7 dxc1=Q 15. Qxc1 Ng6 16. Nxd8 Qxd8 17. Qe3 Qa5 18. f4 Bc5 19. Qe2 Rd8 20. Rad1 Bd4 21. a3 c5 22. Kg2 Qa6 23. Rd2 Rf8 24. Kg1 Qe6 25. b4 Bc3 26. Rd6 Qh3 27. bxc5 Ne7 28. Qd3 Ba5 29. Rd1 g5 30. Rd7 Ng6 31. c6 b5 32. Rxa7 1-0

[Event "ESP-chT Div I 2018"]
[Site "Linares"]
[Date "2018.08.06"]
[Round "1"]
[White "Franco Alonso, Alejandro"]
[Black "Vergara Anton, Diego"]
[Result "1/2-1/2"]
[ECO "A30"]
[WhiteElo "2410"]
[BlackElo "2022"]
[Annotator "NA"]
[PlyCount "86"]
[EventDate "2018.08.06"]
[EventType "team-tourn"]
[EventCountry "ESP"]
[SourceTitle "playchess.com"]
[Source "ChessBase"]
[SourceQuality "1"]
[TimeControl "40/5400+30:1800+30"]

1. c4 c5 2. Nf3 Nc6 3. Nc3 g6 4. e3 Bg7 5. d4 cxd4 6. exd4 d6 7. d5 Nb8 8. h3 Nf6 9. Bd3 Nbd7 10. O-O O-O 11. Re1 Nc5 12. Bc2 e5 13. b4 Ncd7 14. Ba3 e4 15. Bxe4 Nxe4 16. Nxe4 Nb6 17. Rc1 Bf5 18. Ng3 Bd7 19. Qd2 Re8 20. Rxe8+ Bxe8 21. Bb2 Rc8 22. Bxg7 Kxg7 23. Ne4 Rxc4 24. Rxc4 Nxc4 25. Qd4+ Ne5 26. Nxe5 dxe5 27. Qxe5+ f6 28. Qd4 b6 29. a3 Kf7 30. g4 f5 31. gxf5 gxf5 32. Ng3 Qf6 33. Qf4 Bd7 34. Kh2 a5 35. d6 axb4 36. axb4 b5 37. Nf1 Ke6 38. Ne3 Qe5 39. Kg3 Kxd6 40. h4 Ke6 41. Nc2 Qc3+ 42. Ne3 Qe5 43. Nc2 Qc3+ 1/2-1/2

[Event "ESP-chT Div I 2018"]
[Site "Linares"]
[Date "2018.08.06"]
[Round "1"]
[White "Martin Fuentes, Alberto"]
[Black "Plazuelo Pascual, Juan"]
[Result "1-0"]
[ECO "C03"]
[WhiteElo "2391"]
[BlackElo "2429"]
[Annotator "NA"]
[PlyCount "119"]
[EventDate "2018.08.06"]
[EventType "team-tourn"]
[EventCountry "ESP"]
[SourceTitle "playchess.com"]
[Source "ChessBase"]
[SourceQuality "1"]
[TimeControl "40/5400+30:1800+30"]

1. e4 e6 2. d4 d5 3. Nd2 Be7 4. e5 c5 5. c3 cxd4 6. cxd4 Qb6 7. Ndf3 Bb4+ 8. Bd2 Nc6 9. Bxb4 Qxb4+ 10. Qd2 Nge7 11. Bd3 O-O 12. Ne2 Qxd2+ 13. Nxd2 f6 14. f4 Bd7 15. a3 a5 16. Rc1 Be8 17. Nb3 Bh5 18. a4 fxe5 19. fxe5 Rac8 20. Rc3 Bg4 21. Ng3 Ra8 22. h3 Bf5 23. Bb5 Bg6 24. Ne2 Bf5 25. Nc5 Nd8 26. O-O Ng6 27. Nd7 Rf7 28. Nb6 Rb8 29. Nc8 Be4 30. Rfc1 Nh4 31. Nd6 Rf8 32. Nxe4 dxe4 33. Re3 Nf5 34. Rxe4 Nc6 35. Bc4 Nd8 36. Rf1 Ne7 37. Nf4 Rc8 38. b3 Rc6 39. Rf3 Rb6 40. Rf2 g6 41. g4 Kg7 42. Re1 Nec6 43. d5 Nd4 44. dxe6 N8xe6 45. Nxe6+ Nxe6 46. Rd1 Nc5 47. Rd5 Rxf2 48. Kxf2 Nxb3 49. Rd7+ Kf8 50. e6 Ke8 51. Bb5 Nc5 52. Rxb7+ Rxb5 53. Rxb5 Nxa4 54. Ke3 Ke7 55. Rxa5 Nb6 56. Ra7+ Kf6 57. g5+ Kxg5 58. e7 Nc4+ 59. Kf2 Nd6 60. Ra8 1-0

[Event "ESP-chT Div I 2018"]
[Site "Linares"]
[Date "2018.08.06"]
[Round "1"]
[White "Shvayger, Yuliya"]
[Black "Gonzalez Guedes, Iyan"]
[Result "1-0"]
[ECO "B54"]
[WhiteElo "2390"]
[BlackElo "1925"]
[Annotator "NA"]
[PlyCount "103"]
[EventDate "2018.08.06"]
[EventType "team-tourn"]
[EventCountry "ESP"]
[SourceTitle "playchess.com"]
[Source "ChessBase"]
[SourceQuality "1"]
[TimeControl "40/5400+30:1800+30"]

1. e4 c5 2. Nf3 d6 3. d4 cxd4 4. Nxd4 Nf6 5. f3 e5 6. Nb3 d5 7. Bg5 Be6 8. Bxf6 gxf6 9. exd5 Qxd5 10. Qxd5 Bxd5 11. Nc3 Bxb3 12. Bb5+ Nd7 13. axb3 Bb4 14. O-O-O O-O-O 15. Nd5 Bc5 16. Bxd7+ Kxd7 17. Nxf6+ Ke6 18. Ne4 Be3+ 19. Kb1 f5 20. Nc3 Rxd1+ 21. Rxd1 Rg8 22. g3 h5 23. Nb5 f4 24. Nc7+ Kf5 25. Nd5 Rg7 26. c3 Bf2 27. gxf4 exf4 28. Nb4 Rg1 29. Kc2 Rg2 30. Rd5+ Kg6 31. Kd3 Rxh2 32. Ke4 Be3 33. Nd3 h4 34. Ne5+ Kg7 35. Rd7+ Kf6 36. Rf7+ Ke6 37. Rxb7 Rxb2 38. Nd3 Rc2 39. c4 h3 40. Rh7 Rc3 41. Rxh3 Rxb3 42. Rh6+ Kd7 43. Ne5+ Ke7 44. Kd5 Ra3 45. c5 Rc3 46. Rh7+ Kd8 47. c6 Rc1 48. Rd7+ Kc8 49. Nc4 Rd1+ 50. Ke6 Rc1 51. Nd6+ Kb8 52. c7+ 1-0

[Event "ESP-chT Div I 2018"]
[Site "Linares"]
[Date "2018.08.06"]
[Round "1"]
[White "Alonso Moyano, Jonathan"]
[Black "Barbot, Pierre"]
[Result "1/2-1/2"]
[ECO "C44"]
[WhiteElo "2388"]
[BlackElo "2420"]
[Annotator "NA RC"]
[PlyCount "82"]
[EventDate "2018.08.06"]
[EventType "team-tourn"]
[EventCountry "ESP"]
[SourceTitle "playchess.com"]
[Source "ChessBase"]
[SourceQuality "1"]
[TimeControl "40/5400+30:1800+30"]

1. e4 e5 2. Nf3 Nc6 3. d4 exd4 4. Nxd4 g6 5. Nxc6 bxc6 6. Bd2 Bg7 7. Bc3 Nf6 8. Bd3 O-O 9. O-O d5 10. Nd2 Rb8 11. a3 dxe4 12. Nxe4 Nxe4 13. Bxe4 Bxc3 14. bxc3 Qf6 15. Qd4 Qxd4 16. cxd4 Rd8 17. Rfd1 Rb2 18. h3 Be6 19. Bxc6 Rxc2 20. Bf3 Bd5 21. Bxd5 Rxd5 22. Rdc1 Rxc1+ 23. Rxc1 Rxd4 24. Rxc7 Ra4 25. Rc3 h5 26. Kf1 Kg7 27. Ke2 Kf6 28. Re3 Kf5 29. g3 Re4 30. Kd3 Rxe3+ 31. fxe3 Ke5 32. e4 Kf6 33. Kd4 Kg5 34. Ke5 f5 35. Kd4 fxe4 36. Kxe4 Kf6 37. Kd5 Kf5 38. a4 a5 39. Kc5 g5 40. Kd4 h4 41. gxh4 gxh4 {[%emt 0:30:03] Ke4+ Ke5+} 1/2-1/2

[Event "ESP-chT Div I 2018"]
[Site "Linares"]
[Date "2018.08.06"]
[Round "1"]
[White "Granero Roca, Antonio"]
[Black "Moreno Ruiz, Javier"]
[Result "1/2-1/2"]
[ECO "A06"]
[WhiteElo "2383"]
[BlackElo "2450"]
[Annotator "ChessBase"]
[PlyCount "101"]
[EventDate "2018.08.06"]
[EventType "team-tourn"]
[EventCountry "ESP"]
[SourceTitle "playchess.com"]
[Source "ChessBase"]
[SourceQuality "1"]
[TimeControl "40/5400+30:1800+30"]

1. Nf3 d5 2. g3 Nf6 3. Bg2 e6 4. c4 d4 5. d3 Nc6 6. O-O Be7 7. Na3 O-O 8. Bg5 h6 9. Bxf6 Bxf6 10. Nc2 a5 11. b3 Rb8 12. Nd2 Bd7 13. Rb1 e5 14. a3 Be7 15. b4 b6 16. e3 dxe3 17. fxe3 axb4 18. axb4 f5 19. Bd5+ Kh8 20. Qe2 Bd6 21. d4 Ne7 22. Bg2 c5 23. dxc5 bxc5 24. b5 e4 25. Nb3 Qc7 26. Rbd1 Be6 27. Ra1 Ng6 28. Ra6 Ne5 29. Nd2 Ra8 30. Rfa1 Rxa6 31. Rxa6 Bc8 32. Ra4 Nd7 33. Na1 Nb6 34. Ra2 Be6 35. Nab3 Qf7 36. Bf1 Ra8 37. Rxa8+ Nxa8 38. Qd1 Nb6 39. Nxe4 Be7 40. Nexc5 Bxc4 41. Qc2 Bxf1 42. Kxf1 Qd5 43. Kg1 Nc4 44. Qd3 Qxd3 45. Nxd3 Bd8 46. Kf2 Bb6 47. Nd4 Nd6 48. Ne5 Bxd4 49. exd4 Nxb5 50. Ke3 g5 51. h4 1/2-1/2

[Event "ESP-chT Div I 2018"]
[Site "Linares"]
[Date "2018.08.06"]
[Round "1"]
[White "Martin Duque, Jesus"]
[Black "Cano Sanchez, Josue"]
[Result "1-0"]
[ECO "B12"]
[WhiteElo "2378"]
[BlackElo "2312"]
[Annotator "NA"]
[PlyCount "120"]
[EventDate "2018.08.06"]
[EventType "team-tourn"]
[EventCountry "ESP"]
[SourceTitle "playchess.com"]
[Source "ChessBase"]
[SourceQuality "1"]
[TimeControl "40/5400+30:1800+30"]

1. e4 c6 2. d4 d5 3. e5 Bf5 4. Nd2 e6 5. Nb3 Nd7 6. Nf3 Ne7 7. Be2 Bg6 8. O-O Nf5 9. c3 h5 10. Bf4 Be7 11. Ne1 h4 12. h3 Rc8 13. Nd3 O-O 14. Rc1 c5 15. Nbxc5 Nxc5 16. dxc5 Bxc5 17. Nxc5 Rxc5 18. b4 Rc6 19. Bb5 Rc7 20. Bd3 Qd7 21. a4 Rfc8 22. Bb5 Qe7 23. Qd2 d4 24. cxd4 Rxc1 25. Rxc1 Rxc1+ 26. Qxc1 Qxb4 27. d5 exd5 28. Bd2 Qe7 29. Qc8+ Kh7 30. Qb8 a6 31. Bf1 Nd4 32. Qd6 Qxd6 33. exd6 Nc6 34. f3 f6 35. Kf2 Kg8 36. Be3 Kf7 37. Bb6 Ke6 38. Bc7 Ne5 39. Ke3 Nc6 40. a5 Bf5 41. Be2 g5 42. Bd1 d4+ 43. Kd2 Kd5 44. Ba4 Ne5 45. Bb3+ Kc5 46. Bd8 Kxd6 47. Bxf6 Be6 48. Bxe6 Kxe6 49. Bxg5 Nc4+ 50. Kd3 Kd5 51. Bxh4 Nxa5 52. Bf6 Nb3 53. h4 Nc5+ 54. Kc2 Ne6 55. h5 d3+ 56. Kd2 Nf4 57. h6 Ke6 58. h7 Ng6 59. h8=Q Nxh8 60. Bxh8 Kd5 1-0

[Event "ESP-chT Div I 2018"]
[Site "Linares"]
[Date "2018.08.06"]
[Round "1"]
[White "Bressac, Stephane"]
[Black "Bergez, Luc"]
[Result "0-1"]
[ECO "B15"]
[WhiteElo "2341"]
[BlackElo "2327"]
[Annotator "NA"]
[PlyCount "120"]
[EventDate "2018.08.06"]
[EventType "team-tourn"]
[EventCountry "ESP"]
[SourceTitle "playchess.com"]
[Source "ChessBase"]
[SourceQuality "1"]
[TimeControl "40/5400+30:1800+30"]

1. e4 c6 2. d4 d5 3. Nd2 dxe4 4. Nxe4 Nf6 5. Nxf6+ exf6 6. c3 Bd6 7. Bd3 O-O 8. Qc2 Re8+ 9. Ne2 h6 10. O-O Qc7 11. Ng3 Nd7 12. f4 c5 13. d5 c4 14. Bh7+ Kh8 15. Kh1 Nc5 16. Ne4 f5 17. Nxd6 Qxd6 18. Bxf5 Qxd5 19. Bxc8 Raxc8 20. f5 Re4 21. Qd1 Qxd1 22. Rxd1 Nd3 23. Rf1 Re2 24. Rb1 Rce8 25. Kg1 Rc2 26. Bf4 Ree2 27. Bb8 Rxg2+ 28. Kh1 Rge2 29. b3 Nf2+ 30. Kg1 Nh3+ 31. Kh1 Nf2+ 32. Kg1 Ne4 33. Rbe1 Nxc3 34. bxc4 Rxa2 35. Rxe2 Nxe2+ 36. Kf2 Nd4+ 37. Ke3 Nc6 38. Bg3 a5 39. Rb1 Ra4 40. Rxb7 Rxc4 41. Rxf7 Kg8 42. Rc7 a4 43. Rc8+ Kf7 44. Bd6 Kf6 45. Rf8+ Kg5 46. Rf7 a3 47. Rxg7+ Kxf5 48. Rg1 Re4+ 49. Kf2 a2 50. Bf8 Ra4 51. Bg7 Na5 52. h4 Nb3 53. h5 Ra6 54. Rg3 a1=Q 55. Bxa1 Nxa1 56. Rc3 Kg4 57. Rc5 Rf6+ 58. Kg2 Nb3 59. Rd5 Rf5 60. Rd6 Kxh5 0-1

[Event "ESP-chT Div I 2018"]
[Site "Linares"]
[Date "2018.08.06"]
[Round "1"]
[White "Gutierrez Olivares, Daniel"]
[Black "Garcia Castany Musellas, Gal La"]
[Result "1-0"]
[ECO "A14"]
[WhiteElo "2297"]
[BlackElo "2203"]
[Annotator "NA"]
[PlyCount "65"]
[EventDate "2018.08.06"]
[EventType "team-tourn"]
[EventCountry "ESP"]
[SourceTitle "playchess.com"]
[Source "ChessBase"]
[SourceQuality "1"]
[TimeControl "40/5400+30:1800+30"]

1. c4 e6 2. Nf3 Nf6 3. g3 d5 4. Bg2 Be7 5. O-O dxc4 6. Qa4+ c6 7. Qxc4 b5 8. Qc2 Bb7 9. d3 O-O 10. e4 c5 11. Rd1 Nc6 12. a4 a6 13. Be3 Nb4 14. Qe2 Qb6 15. Nc3 Ng4 16. Bf4 e5 17. Nxe5 Nxe5 18. Bxe5 Bf6 19. Bxf6 Qxf6 20. axb5 axb5 21. Rxa8 Bxa8 22. Nxb5 Rb8 23. Na3 Nc6 24. Nc4 Ne5 25. Nxe5 Qxe5 26. Rd2 Bc6 27. h3 Qd4 28. Rc2 Bb5 29. Bf1 Ba6 30. Qe3 Qd8 31. Rxc5 Rxb2 32. Rd5 Qc7 33. Qc1 1-0

[Event "ESP-chT Div I 2018"]
[Site "Linares"]
[Date "2018.08.06"]
[Round "1"]
[White "Rivas Garcia, Victor"]
[Black "Ortega Hermida, Daniel"]
[Result "1/2-1/2"]
[ECO "C50"]
[WhiteElo "2217"]
[BlackElo "2334"]
[Annotator "NA"]
[PlyCount "98"]
[EventDate "2018.08.06"]
[EventType "team-tourn"]
[EventCountry "ESP"]
[SourceTitle "playchess.com"]
[Source "ChessBase"]
[SourceQuality "1"]
[TimeControl "40/5400+30:1800+30"]

1. e4 e5 2. Nf3 Nc6 3. Bc4 Nf6 4. d3 Bc5 5. c3 O-O 6. Bb3 h6 7. h3 a5 8. O-O d6 9. Nbd2 Be6 10. Re1 Qd7 11. Nf1 Bxb3 12. Qxb3 Rfe8 13. Ng3 d5 14. Nf5 Bf8 15. Bd2 b6 16. Rad1 Rad8 17. Bc1 dxe4 18. dxe4 Qe6 19. Qxe6 Rxe6 20. Ng3 Ree8 21. Kf1 Nd7 22. Rd5 Nf6 23. Rdd1 Nd7 24. Rd5 Nf6 25. Rdd1 Rxd1 26. Rxd1 Nb8 27. Ke2 Nbd7 28. Ne1 Nc5 29. f3 Ne6 30. Nd3 h5 31. Be3 g6 32. Kf2 Nd7 33. Ne1 Ndc5 34. Nd3 h4 35. Ne2 Rd8 36. Nec1 f5 37. Ke2 Nd7 38. Nf2 Bd6 39. b3 Kf7 40. Ncd3 Ke7 41. Nb2 b5 42. Rd5 c6 43. Rd1 Nf6 44. Nbd3 c5 45. Nb2 Ra8 46. Kf1 Rb8 47. Ke2 Ra8 48. Kf1 Rb8 49. Ke2 Ke8 1/2-1/2

[Event "ESP-chT Div I 2018"]
[Site "Linares"]
[Date "2018.08.06"]
[Round "1"]
[White "Gonzalez Merino, Alberto"]
[Black "Almagro Llamas, Pablo"]
[Result "0-1"]
[ECO "A17"]
[WhiteElo "2199"]
[BlackElo "2442"]
[Annotator "NA"]
[PlyCount "52"]
[EventDate "2018.08.06"]
[EventType "team-tourn"]
[EventCountry "ESP"]
[SourceTitle "playchess.com"]
[Source "ChessBase"]
[SourceQuality "1"]
[TimeControl "40/5400+30:1800+30"]

1. Nf3 Nf6 2. c4 e6 3. Nc3 Bb4 4. Qc2 O-O 5. g3 d5 6. cxd5 exd5 7. a3 Bxc3 8. dxc3 Re8 9. h3 b6 10. Be3 Ba6 11. Bg2 Nbd7 12. O-O c5 13. Rad1 Rxe3 14. fxe3 Qc7 15. g4 Re8 16. Ng5 h6 17. Nxf7 Kxf7 18. Bxd5+ Ke7 19. Rf4 Qe5 20. Be4 g5 21. Rxd7+ Kxd7 22. Qa4+ Ke7 23. Rf5 Qxe4 24. Qxa6 Qxe3+ 25. Kh2 Kf7 26. Qc4+ Kg7 0-1

[Event "ESP-chT Div I 2018"]
[Site "Linares"]
[Date "2018.08.06"]
[Round "1"]
[White "Vazquez Torres, Adrian"]
[Black "Garcia Perez, Javier"]
[Result "1/2-1/2"]
[ECO "C11"]
[WhiteElo "2174"]
[BlackElo "2090"]
[Annotator "NA"]
[PlyCount "69"]
[EventDate "2018.08.06"]
[EventType "team-tourn"]
[EventCountry "ESP"]
[SourceTitle "playchess.com"]
[Source "ChessBase"]
[SourceQuality "1"]
[TimeControl "40/5400+30:1800+30"]

1. e4 e6 2. Nf3 d5 3. Nc3 Nf6 4. e5 Nfd7 5. d4 c5 6. dxc5 Nc6 7. Bf4 Nxc5 8. h4 h6 9. a3 Be7 10. b4 Ne4 11. Nxe4 dxe4 12. Qxd8+ Bxd8 13. Nd2 Bc7 14. Bb5 Bd7 15. Nxe4 Bxe5 16. Bxe5 Nxe5 17. Bxd7+ Kxd7 18. f4 Nc4 19. Rh3 Rhd8 20. Rc3 b5 21. a4 a6 22. a5 Kc6 23. Rd1 Rxd1+ 24. Kxd1 Rd8+ 25. Ke2 Rd4 26. Nc5 Rxf4 27. g3 Rd4 28. Nxa6 Rd2+ 29. Kf3 Rd1 30. Nc5 Rb1 31. Nb3 e5 32. g4 g6 33. g5 hxg5 34. hxg5 Rh1 35. Nd2 1/2-1/2

[Event "ESP-chT Div I 2018"]
[Site "Linares"]
[Date "2018.08.06"]
[Round "1"]
[White "Prado Acebo, Ines"]
[Black "Rodrigo Yanguas, Maria"]
[Result "1-0"]
[ECO "A91"]
[WhiteElo "2084"]
[BlackElo "2062"]
[Annotator "NA"]
[PlyCount "77"]
[EventDate "2018.08.06"]
[EventType "team-tourn"]
[EventCountry "ESP"]
[SourceTitle "playchess.com"]
[Source "ChessBase"]
[SourceQuality "1"]
[TimeControl "40/5400+30:1800+30"]

1. d4 e6 2. c4 f5 3. g3 Nf6 4. Bg2 Be7 5. Nh3 O-O 6. O-O d6 7. Qb3 Nc6 8. Rd1 Qe8 9. d5 Nd8 10. Nc3 e5 11. Nb5 Qd7 12. c5 Kh8 13. c6 bxc6 14. dxc6 Nxc6 15. Ng5 Rb8 16. Bxc6 Qxc6 17. Nf7+ Rxf7 18. Qxf7 Bb7 19. f3 Qc5+ 20. Kf1 Qxb5 21. Qxe7 Bxf3 22. Re1 Ng4 23. Qxc7 d5 24. a4 Nxh2+ 25. Kg1 Qe8 26. Kxh2 Qh5+ 27. Kg1 Qh1+ 28. Kf2 Qg2+ 29. Ke3 d4+ 30. Kd2 Re8 31. Ra3 e4 32. Qd7 e3+ 33. Kc2 Bc6 34. Qxd4 Qxg3 35. Rd1 Be4+ 36. Kb3 Qc7 37. Ka2 Rb8 38. Bxe3 h6 39. Bxh6 1-0

[Event "ESP-chT Div I 2018"]
[Site "Linares"]
[Date "2018.08.06"]
[Round "1"]
[White "Martin Capitan, Feliciano"]
[Black "Vega Gutierrez, Belinda Vidina"]
[Result "1/2-1/2"]
[ECO "C44"]
[WhiteElo "2066"]
[BlackElo "2165"]
[Annotator "NA"]
[PlyCount "61"]
[EventDate "2018.08.06"]
[EventType "team-tourn"]
[EventCountry "ESP"]
[SourceTitle "playchess.com"]
[Source "ChessBase"]
[SourceQuality "1"]
[TimeControl "40/5400+30:1800+30"]

1. e4 e5 2. Nf3 Nc6 3. c3 d6 4. d4 Bg4 5. Bb5 exd4 6. cxd4 d5 7. Qa4 Bd7 8. exd5 Nb4 9. O-O Bd6 10. Ne5 Bxe5 11. Re1 Nd3 12. Re3 Ne7 13. Bxd7+ Qxd7 14. Qxd7+ Kxd7 15. Rxd3 Bf6 16. Nc3 h5 17. Be3 h4 18. Rc1 b6 19. h3 Rh5 20. Bf4 Rc8 21. Ne4 Nxd5 22. Nxf6+ Nxf6 23. Be5 Ne8 24. Ra3 a5 25. Rac3 f6 26. Bh2 Rd5 27. Rc4 Nd6 28. Bxd6 Kxd6 29. a4 Kd7 30. Kf1 Rg5 31. f3 1/2-1/2

[Event "ESP-chT Div I 2018"]
[Site "Linares"]
[Date "2018.08.06"]
[Round "1"]
[White "Cao Armillas, Jesus"]
[Black "Garcia Molina, Jose"]
[Result "1/2-1/2"]
[ECO "A58"]
[WhiteElo "2043"]
[BlackElo "1969"]
[Annotator "NA"]
[PlyCount "132"]
[EventDate "2018.08.06"]
[EventType "team-tourn"]
[EventCountry "ESP"]
[SourceTitle "playchess.com"]
[Source "ChessBase"]
[SourceQuality "1"]
[TimeControl "40/5400+30:1800+30"]

1. d4 Nf6 2. c4 c5 3. d5 b5 4. cxb5 a6 5. Nc3 d6 6. bxa6 Bxa6 7. Nf3 g6 8. g3 Bg7 9. Bg2 Nbd7 10. Rb1 O-O 11. O-O Qa5 12. Bd2 Rfb8 13. b3 Ng4 14. Qc2 Nge5 15. Ne1 Rb7 16. h3 Nf6 17. Kh2 Ne8 18. f4 Nd7 19. Na4 Qd8 20. Nd3 Nc7 21. Bc3 Nb5 22. Bxg7 Kxg7 23. e3 Kg8 24. Rbc1 Na3 25. Qc3 c4 26. Nb4 Qa5 27. Nxa6 Rxa6 28. Qxa5 Rxa5 29. Rc3 cxb3 30. axb3 Nb5 31. Rc8+ Kg7 32. Rfc1 Nf6 33. Nb2 Na7 34. R8c3 Rab5 35. Nd1 Rb4 36. Rd3 Nd7 37. e4 Nb5 38. Rc4 Na3 39. Rc6 Nb8 40. Rcc3 Nb1 41. Rc4 Na3 42. Rc8 Nd7 43. Re3 Nb5 44. e5 Na7 45. Rd8 Nb5 46. e6 Nc5 47. exf7 Kxf7 48. Bf1 Nd4 49. Bc4 Ncxb3 50. Bxb3 Rxb3 51. Rxb3 Rxb3 52. Rh8 Kg7 53. Re8 Kf7 54. Rh8 h5 55. Rh7+ Kf6 56. Nf2 Re3 57. Kg2 e6 58. dxe6 Kxe6 59. g4 hxg4 60. hxg4 Rf3 61. Nh3 Ra3 62. Ng5+ Kd5 63. Rd7 Ne6 64. Nxe6 Kxe6 65. Rg7 Kf6 66. Rd7 Ke6 1/2-1/2

[Event "ESP-chT Div I 2018"]
[Site "Linares"]
[Date "2018.08.06"]
[Round "1"]
[White "Monllor Garcia, Yolanda"]
[Black "Aranaz Murillo, Amalia"]
[Result "1-0"]
[ECO "B13"]
[WhiteElo "1936"]
[BlackElo "2227"]
[Annotator "NA"]
[PlyCount "77"]
[EventDate "2018.08.06"]
[EventType "team-tourn"]
[EventCountry "ESP"]
[SourceTitle "playchess.com"]
[Source "ChessBase"]
[SourceQuality "1"]
[TimeControl "40/5400+30:1800+30"]

1. e4 c6 2. d4 d5 3. exd5 cxd5 4. Bd3 Nc6 5. c3 Qc7 6. h3 g6 7. Nf3 Nf6 8. Nbd2 Bf5 9. Qe2 Bxd3 10. Qxd3 Bg7 11. O-O O-O 12. Re1 Nd7 13. Nf1 h6 14. Rb1 Rac8 15. N1h2 Nf6 16. Ne5 e6 17. Neg4 Nxg4 18. Nxg4 h5 19. Nh2 Na5 20. g4 Qc4 21. Qf3 Qxa2 22. Bf4 hxg4 23. Nxg4 Nc4 24. Nh6+ Kh7 25. Qg3 Bxh6 26. Qh4 g5 27. Bxg5 Rh8 28. Qxh6+ Kg8 29. Qf6 Nd6 30. Kh2 Ne4 31. Rxe4 Qxb1 32. Rg4 Rxh3+ 33. Kxh3 Qh1+ 34. Kg3 Qg1+ 35. Kf3 Qd1+ 36. Kf4 e5+ 37. Qxe5 Qc1+ 38. Qe3 Qxb2 39. Be7+ 1-0

[Event "ESP-chT Div I 2018"]
[Site "Linares"]
[Date "2018.08.06"]
[Round "1"]
[White "Badillo Ramos, Steve"]
[Black "Gonzalez de la Torre, Santiago"]
[Result "1/2-1/2"]
[ECO "B27"]
[WhiteElo "1901"]
[BlackElo "2434"]
[Annotator "NA"]
[PlyCount "137"]
[EventDate "2018.08.06"]
[EventType "team-tourn"]
[EventCountry "ESP"]
[SourceTitle "playchess.com"]
[Source "ChessBase"]
[SourceQuality "1"]
[TimeControl "40/5400+30:1800+30"]

1. e4 c5 2. Nf3 b6 3. b3 Bb7 4. Qe2 d6 5. Bb2 Nf6 6. d3 Nc6 7. g3 e5 8. c3 g6 9. Bg2 Bg7 10. O-O O-O 11. Na3 d5 12. Nd2 Qd7 13. Nc2 Rad8 14. Rad1 Rfe8 15. Rfe1 d4 16. cxd4 exd4 17. f4 Nd5 18. Qf1 Nc3 19. Bxc3 dxc3 20. Nc4 Nd4 21. N4e3 Nxc2 22. Nxc2 Bd4+ 23. Kh1 a5 24. e5 a4 25. Bxb7 Qxb7+ 26. Qg2 Qxg2+ 27. Kxg2 axb3 28. axb3 Ra8 29. Ra1 f6 30. exf6 Rxa1 31. Rxe8+ Kf7 32. Nxa1 Kxe8 33. Kf3 Kf7 34. Ke4 Kxf6 35. g4 Bg1 36. h3 Ke6 37. Nc2 Kd6 38. f5 Bf2 39. Na3 Ke7 40. Nc2 Kf6 41. Kf3 Bd4 42. fxg6 Kxg6 43. h4 Be5 44. Na3 Bd6 45. Nc2 Be7 46. Kg3 b5 47. Na1 Kf7 48. g5 Ke6 49. Kf4 Kd5 50. Nc2 Bd6+ 51. Ke3 Ke5 52. h5 Bf8 53. g6 h6 54. d4+ Kf5 55. dxc5 Bxc5+ 56. Kd3 Bf8 57. Nd4+ Kf6 58. Nxb5 Kg5 59. Nd4 Kxh5 60. Ne6 Kxg6 61. Nxf8+ Kf5 62. Kxc3 h5 63. Kd2 h4 64. Ke3 h3 65. Kf3 Ke5 66. Ng6+ Kd4 67. Nf4 Kc3 68. Nxh3 Kxb3 69. Ke4 1/2-1/2

[Event "ESP-chT Div I 2018"]
[Site "Linares"]
[Date "2018.08.06"]
[Round "1"]
[White "Bermudez Revuelta, Paula"]
[Black "Munoz Avila, Jose Luis"]
[Result "1/2-1/2"]
[ECO "C41"]
[WhiteElo "1887"]
[BlackElo "2204"]
[Annotator "NA"]
[PlyCount "78"]
[EventDate "2018.08.06"]
[EventType "team-tourn"]
[EventCountry "ESP"]
[SourceTitle "playchess.com"]
[Source "ChessBase"]
[SourceQuality "1"]
[TimeControl "40/5400+30:1800+30"]

1. e4 d6 2. d4 Nf6 3. Nc3 e5 4. Nf3 Nbd7 5. Bc4 Be7 6. O-O O-O 7. a4 a5 8. Re1 c6 9. Ba2 exd4 10. Nxd4 Nc5 11. Bf4 Be6 12. Nxe6 fxe6 13. e5 Nd5 14. Nxd5 exd5 15. exd6 Bxd6 16. Bxd5+ Kh8 17. Bxd6 Qxd6 18. Bf3 Qf6 19. Qc1 Rfe8 20. b3 Qc3 21. Rd1 Rad8 22. Rxd8 Rxd8 23. Qe1 Qxc2 24. Rc1 Nd3 25. Rxc2 Nxe1 26. Re2 Nd3 27. Rd2 Re8 28. Re2 Rxe2 29. Bxe2 Nc5 30. Bd1 g5 31. Kf1 Kg7 32. Ke2 Kf6 33. Ke3 Ke5 34. g3 b5 35. f4+ gxf4+ 36. gxf4+ Kd5 37. Bf3+ Kd6 38. Bd1 Kd5 39. Bf3+ Kd6 {[%emt 0:06:27] Ke4 Ke5+} 1/2-1/2